 Dungeon Crawl Stone Soup version 0.28-a0-2-g643f2454ad (webtiles) character file.

Game seed: 138425322981472862

9656 PentaManta the Grappler (level 11, -5/102 HPs)
             Began as a Ghoul Gladiator on July 22, 2021.
             Was an Elder of Makhleb.
             Slain by a molten gargoyle (13 damage)
             ... on level 10 of the Dungeon.
             The game lasted 00:18:32 (11013 turns).

PentaManta the Grappler (Ghoul Gladiator)          Turns: 11013, Time: 00:18:33

Health: -5/102     AC: 10    Str: 19    XL:     11   Next: 49%
Magic:  0/10       EV: 12    Int: 12    God:    Makhleb [****..]
Gold:   586        SH:  4    Dex: 10    Spells: 10/10 levels left

rFire   . . .      SeeInvis .     - Unarmed
rCold   + . .      Faith    .   N - +0 buckler
rNeg    + + +      Spirit   +   M - +2 ring mail {Will+}
rPois   ∞          Reflect  .   b - +0 helmet
rElec   .          Harm     .   w - +0 cloak
rCorr   .          Rampage  .   (no gloves)
Will    +....                   (no boots)
Stlth   ..........              y - amulet of guardian spirit
HPRegen 0.00/turn               e - +6 ring of intelligence
MPRegen 0.12/turn               f - ring of wizardry

@: about to teleport, inhibited regen
A: claws 1, cold resistance 1, negative energy resistance 3, inhibited
regeneration, torment resistance 2
a: Renounce Religion, Minor Destruction, Lesser Servant of Makhleb, Major
Destruction


You were on level 10 of the Dungeon.
You worshipped Makhleb.
Makhleb was greatly pleased with you.
You visited 1 branch of the dungeon, and saw 10 of its levels.

You collected 586 gold pieces.

Inventory:

Hand Weapons
 C - a +4 dagger
 L - a +3 short sword of venom
 S - a +4 dagger of chaos
Missiles
 c - 4 throwing nets (quivered)
 k - 26 poisoned darts
 K - a curare-tipped dart
Armour
 b - a +0 helmet (worn)
 t - a +0 tower shield
 w - a +0 cloak (worn)
 G - a +0 plate armour
 I - a +0 chain mail
 M - a +2 ring mail of willpower (worn)
 N - a +0 buckler (worn)
 T - a +2 pair of gloves of strength
Jewellery
 e - a +6 ring of intelligence (left claw)
 f - a ring of wizardry (right claw)
 y - an amulet of guardian spirit (around neck)
Wands
 D - a wand of acid (9)
 E - a wand of iceblast (6)
 H - a wand of mindburst (20)
Scrolls
 a - 2 scrolls of vulnerability {unknown}
 g - 4 scrolls of immolation {unknown}
 j - a scroll of fear {unknown}
 l - 9 scrolls of identify {unknown}
 n - 2 scrolls of teleportation
 o - 2 scrolls of enchant weapon {unknown}
 u - a scroll of noise
 x - 2 scrolls of fog {unknown}
 B - 2 scrolls of acquirement {unknown}
 F - 2 scrolls of amnesia {unknown}
 O - a scroll of silence {unknown}
 P - a scroll of magic mapping {unknown}
 R - a scroll of torment {unknown}
Potions
 d - 5 potions of lignification {unknown}
 h - a potion of invisibility {unknown}
 i - a potion of mutation {unknown}
 m - 2 potions of brilliance {unknown}
 p - 2 potions of attraction {unknown}
 q - 2 potions of heal wounds {unknown}
 r - a potion of ambrosia {unknown}
 s - 3 potions of curing
 v - 4 potions of flight {unknown}
 z - a potion of degeneration {unknown}
 A - 2 potions of might {unknown}
 J - a potion of magic {unknown}


   Skills:
 + Level 11.2 Fighting
 - Level 1.7 Throwing
 + Level 5.0 Armour
 + Level 5.9 Dodging
 * Level 4.0 Shields
 + Level 12.3 Unarmed Combat


You had 10 spell levels left.
You didn't know any spells.
Your spell library contained the following spells:

 Spells                   Type           Power      Damage    Failure   Level
 Shock                    Conj/Air       0%         1d3       22%         1
 Frozen Ramparts          Ice            0%         1d2       52%         3
 Swiftness                Air            0%         N/A       52%         3
 Airstrike                Air            0%         N/A       89%         4
 Cause Fear               Hex            0%         N/A       89%         4
 Summon Ice Beast         Ice/Summ       0%         N/A       89%         4
 Summon Lightning Spire   Summ/Air       0%         N/A       89%         4
 Maxwell's Capacitive Co  Air            0%         ∞         100%        8
 Dragon's Call            Summ           0%         N/A       100%        9
 Ice Form                 Ice/Tmut       Unusable   N/A       N/A         4
 Dragon Form              Tmut           Unusable   N/A       N/A         7
 Storm Form               Tmut/Air       Unusable   N/A       N/A         7

Dungeon Overview and Level Annotations

Branches:
Dungeon (10/15)            Temple (0/1) D:5
   Lair: D:8-11         Orc: D:9-12

Altars:
Dithmenos
Fedhas
Gozag
Hepliaklqana
Kikubaaqudgha
Makhleb
Nemelex Xobeh
Okawaru
Qazlal
Trog
Wu Jian
Yredelemnul
Zin
Beogh


Innate Abilities, Weirdness & Mutations

You thrive by killing the living.
You are immune to poison.
You have sharp fingernails.
Your flesh is cold resistant. (rC+)
You are immune to negative energy. (rN+++)
You do not regenerate when monsters are visible.
You are immune to unholy pain and torment.


Message History

There are monsters nearby!
There are monsters nearby!
No reachable target in view!
No reachable target in view!
The lava snake hisses angrily.
The lava snake spits lava at you. The glob of lava hits you.
A molten gargoyle comes into view. It is wielding a +0 morningstar.
The molten gargoyle moves out of view.
You scratch the molten gargoyle.
The molten gargoyle is lightly damaged.
The molten gargoyle hits you but does no damage.
You scratch the molten gargoyle but do no damage.
The molten gargoyle is lightly damaged.
You claw the molten gargoyle!
The molten gargoyle is moderately damaged.
You barely miss the molten gargoyle.
The molten gargoyle is moderately damaged.
The molten gargoyle hits you with a +0 flail!
You are engulfed in flames!
You claw the molten gargoyle!
The molten gargoyle is severely damaged.
The molten gargoyle hits you with a +0 morningstar!
You are engulfed in flames!
The molten gargoyle blasts magma at you!
The bolt of magma hits you!
You scratch the molten gargoyle.
The molten gargoyle is severely damaged.
The molten gargoyle blasts magma at you!
The bolt of magma hits you!!
* * * LOW HITPOINT WARNING * * *
The molten gargoyle hits you but does no damage.
As you read the scroll of teleportation, it crumbles to dust.
You feel strangely unstable.
The molten gargoyle blasts magma at you!
The bolt of magma misses you.
The molten gargoyle hits you with a +0 flail!!
* * * LOW HITPOINT WARNING * * *
You are engulfed in flames!
You die...

≈≈88§§≈. #.##..####..
≈≈88≈≈§# #.##.##....#
.≈≈≈9≈§§§##
#.##.#..####
.≈≈§≈≈S§#.#
#.#....##### §.≈9..##
#.#.#.##.... #.#.#
#.....##....
#.#.#####..#.###....
#####9...............
#...@9........###....
#..######......#
#.... ... #(.....#
#.... . #......#
#.... #......# #####
#......# #......#


You could see 2 molten gargoyles.

Vanquished Creatures
  A two-headed ogre (D:10)
  2 tengu warriors
  The ghost of Mitsuki the Destroyer, a novice DECj (D:5)
  A gargoyle (D:8)
  Psyche (D:10)
  A hornet (D:8)
  3 wyverns
  8 yaks
  Eustachio (D:6)
  A steam dragon (D:8)
  Edmund (D:4)
  2 water moccasins (D:6)
  5 black bears
  An ice beast (D:7)
  3 necrophages
  6 orc warriors
  3 centaurs
  3 ogres
  A phantom (D:5)
  2 kobold brigands
  4 bullfrogs
  A gnoll sergeant (D:6)
  2 scorpions (D:6)
  A wyvern zombie (D:7)
  4 killer bees (D:7)
  5 wights
  2 centaur zombies
  2 bullfrog zombies
  5 bullfrog skeletons
  2 hounds
  A centaur skeleton (D:7)
  3 orc priests
  Crazy Yiuf (D:4)
  2 gnoll shamans
  2 iguanas
  8 orc wizards
  A killer bee zombie (D:8)
  A howler monkey zombie (D:10)
  21 gnolls
  7 adders
  A shadow imp (D:8)
  A white imp (D:6)
  An ufetubus (D:6)
  An adder skeleton (D:4)
  4 worms
  A dart slug (D:4)
  49 orcs
  6 bats
  2 endoplasms
  3 giant cockroaches
  3 goblins
  10 hobgoblins
  14 kobolds
  4 quokkas
  4 ball pythons
  A frilled lizard (D:3)
  3 rats
230 creatures vanquished.

Notes
Turn   | Place    | Note
-------+----------+-------------------------------------------
     0 | D:1      | PentaManta the Ghoul Gladiator began the quest for the Orb.
     0 | D:1      | Reached XP level 1. HP: 17/17 MP: 0/0
    71 | D:1      | Found a faded altar of an unknown god.
   138 | D:1      | Reached XP level 2. HP: 18/25 MP: 1/1
   978 | D:2      | Reached skill level 4 in Unarmed Combat
  1091 | D:2      | Reached XP level 3. HP: 26/30 MP: 2/2
  1711 | D:3      | Found a burning altar of Makhleb.
  1715 | D:3      | Noticed a blizzard demon
  1718 | D:3      | Noticed an angel
  1757 | D:3      | Became a worshipper of Makhleb the Destroyer
  1834 | D:3      | Reached XP level 4. HP: 38/38 MP: 3/3
  1888 | D:3      | Found a stormy altar of Qazlal.
  1889 | D:3      | Found a blossoming altar of Fedhas.
  2315 | D:4      | Noticed an ogre
  2316 | D:4      | Noticed an ogre
  2380 | D:4      | Reached skill level 5 in Unarmed Combat
  2433 | D:4      | Killed an ogre
  2434 | D:4      | Reached XP level 5. HP: 20/46 MP: 4/4
  2749 | D:4      | Noticed a black bear
  2756 | D:4      | Killed a black bear
  2757 | D:4      | Reached skill level 6 in Unarmed Combat
  2757 | D:4      | Reached XP level 6. HP: 53/53 MP: 5/5
  2822 | D:4      | Found a basalt altar of Yredelemnul.
  2859 | D:4      | Noticed a necrophage
  2873 | D:4      | Killed a necrophage
  2873 | D:4      | Reached * piety under Makhleb
  2979 | D:4      | Noticed a black bear
  3002 | D:4      | Reached skill level 1 in Shields
  3002 | D:4      | Reached skill level 7 in Unarmed Combat
  3002 | D:4      | Reached XP level 7. HP: 60/60 MP: 6/6
  3023 | D:4      | Reached skill level 5 in Fighting
  3105 | D:4      | Noticed Edmund
  3121 | D:4      | Found a runed translucent door.
  3122 | D:4      | Noticed Crazy Yiuf
  3135 | D:4      | Killed Edmund
  3136 | D:4      | Reached skill level 8 in Unarmed Combat
  3136 | D:4      | Reached XP level 8. HP: 21/69 MP: 7/7
  3360 | D:4      | Killed Crazy Yiuf
  3905 | D:5      | Entered Level 5 of the Dungeon
  3975 | D:5      | Found an iron altar of Okawaru.
  4491 | D:5      | Found a runed translucent door.
  4491 | D:5      | Noticed Mitsuki's ghost (novice DECj)
  4858 | D:5      | Found a staircase to the Ecumenical Temple.
  5122 | D:5      | Killed Mitsuki's ghost
  5123 | D:5      | Reached skill level 9 in Unarmed Combat
  5231 | D:6      | Noticed Eustachio
  5289 | D:6      | Killed Eustachio
  5290 | D:6      | Reached skill level 10 in Unarmed Combat
  5290 | D:6      | Reached XP level 9. HP: 49/79 MP: 8/8
  5482 | D:6      | Reached ** piety under Makhleb
  6077 | D:6      | Reached skill level 11 in Unarmed Combat
  6122 | D:6      | Found an ornate altar of the Wu Jian Council.
  6561 | D:7      | Reached skill level 1 in Armour
  7034 | D:7      | Found a bloodstained altar of Trog.
  7044 | D:7      | Reached XP level 10. HP: 91/91 MP: 9/9
  7052 | D:7      | Reached *** piety under Makhleb
  7659 | D:8      | Noticed a gargoyle
  7667 | D:8      | Killed a gargoyle
  7915 | D:8      | Reached skill level 10 in Fighting
  8313 | D:9      | Noticed a tengu warrior
  8318 | D:9      | Noticed a tengu warrior
  9221 | D:8      | Reached **** piety under Makhleb
  9393 | D:9      | Reached skill level 5 in Dodging
  9458 | D:9      | Reached skill level 12 in Unarmed Combat
  9537 | D:8      | Killed a tengu warrior
  9538 | D:8      | Reached XP level 11. HP: 74/101 MP: 6/10
 10069 | D:9      | Killed a tengu warrior
 10495 | D:10     | Entered Level 10 of the Dungeon
 10518 | D:10     | Found an ancient bone altar of Kikubaaqudgha.
 10524 | D:10     | Found an opulent altar of Gozag.
 10524 | D:10     | Found a hazy altar of Hepliaklqana.
 10525 | D:10     | Found a sparkling altar of Nemelex Xobeh.
 10525 | D:10     | Found a shadowy altar of Dithmenos.
 10590 | D:10     | Noticed Psyche
 10597 | D:10     | Killed Psyche
 10672 | D:10     | Noticed a two-headed ogre
 10684 | D:10     | Killed a two-headed ogre
 10955 | D:10     | Reached skill level 5 in Armour
 11013 | D:10     | Slain by a molten gargoyle

Illustrated notes

Levels and vault maps discovered:
D:1:      elethiomel_arrival_infinity_welcomes_careful_drivers, layout_basic,
          shapermc_ecumenical_altar_gd
D:2:      layout_loops_ring
D:3:      layout_basic, grunt_temple_overflow_order_and_chaos_2,
          grunt_temple_overflow_forces_of_nature, serial_bayou_lake_a
D:4:      layout_loops_ring, mainiacjoe_overflow_surrounded_room,
          serial_park_tiny_2, minmay_misc_feat_tiny, uniq_crazy_yiuf_cottage,
          uniq_edmund
D:5:      layout_layer_cave, mainiacjoe_overflow_concentric_impassable,
          minmay_temple_entry_hall, ebering_ghost_sewer_d,
          hangedman_abyss_or_decor_slice
D:6:      layout_basic, overflow_temple_1_default, uniq_eustachio
D:7:      layout_rooms, trog_ov_bears_minmay, chequers_avenue,
          amcnicky_mini_rare_corridor_liquid, nrook_mini_backslash
D:8:      layout_rooms, nrook_uturn
D:9:      layout_cave_pools, special_room [special_room_orc]
D:10:     layout_rooms, minitemple, minivault_8, uniq_psyche

Skill      XL: |  1  2  3  4  5  6  7  8  9 10 11 |
---------------+----------------------------------+-----
Unarmed Combat | 4 5 6 7 8 10 11 12 | 12.3
Fighting       | 3 4 5 7 9 10 11 | 11.2
Shields        | 1 2 4 |  4.0
Dodging        | 3 5 |  5.9
Armour         | 2 4 5 |  5.0
Throwing       | |  1.7

Action                   |  1- 3 |  4- 6 |  7- 9 | 10-12 || total
-------------------------+-------+-------+-------+-------++-------
Melee: Unarmed           |   105 |    69 |   304 |   394 ||   872
       Punch             |       |     2 |     9 |    18 ||    29
Throw: Throwing net      |       |       |     2 |     3 ||     5
  Use: Scroll            |       |       |     2 |     1 ||     3
       Potion            |       |       |     1 |       ||     1
Armor: Leather armour    |    17 |       |       |       ||    17
       Scale mail        |    26 |    31 |   131 |    80 ||   268
       Ring mail         |       |       |       |    61 ||    61
Dodge: Dodged            |    68 |    29 |   162 |   187 ||   446
Block: Buckler           |       |       |       |     8 ||     8

Table legend: (Time is in decaauts)
 A = Elapsed time spent in this place.
 B = Non-inter-level travel time spent in this place.
 C = Inter-level travel time spent in this place.
 D = Time resting spent in this place.
 E = Time spent auto-exploring this place.
 F = Levels seen in this place.
 G = Mean time per level.
                   A        B        C        D        E       F      G
               +--------+--------+--------+--------+--------+-----+--------+
         Total |  10892 |  10475 |    417 |   2549 |   6085 |  10 | 1089.2 |
       Dungeon |  10892 |  10475 |    417 |   2549 |   6085 |  10 | 1089.2 |
               +--------+--------+--------+--------+--------+-----+--------+

Top non-repeatable levels by time:
     D:8: 2180 daAuts
     D:4: 1538 daAuts
     D:5: 1401 daAuts
     D:6: 1186 daAuts
     D:9: 965 daAuts
     D:1: 963 daAuts
     D:7: 750 daAuts
     D:2: 713 daAuts
     D:3: 700 daAuts
    D:10: 492 daAuts
